Panthers vs Sabres

Created - 20 décembre 2023 at 17:00

Goals
1 2 3 T
Panthers 1 0 3 4
Sabres 0 0 2 2
Shots
1 2 3 T
Panthers 12 7 19 38
Sabres 8 11 19 38

GoalsPenalties
1st period
1. Panthers , Marcus Foligno 9 (Ross Colton 6) at 17:15
Trevor Zegras (BUF) for High sticking (Minor) at 3:21
Marcus Foligno (FLA) for Cross-checking (Minor) at 7:20
2nd period
No Goal
Derek Forbort (BUF) for Hooking (Minor) at 10:48
3rd period
2. Sabres , Derek Forbort 2 (Jakub Vrana 9, Thomas Novak 8) at 3:58
3. Panthers , Rocco Grimaldi 2 (Tyson Barrie 9) at 4:45
4. Sabres , Ryan Reaves 1 (Eeli Tolvanen 10, Rasmus Sandin 2) at 8:19
5. Panthers , Vincent Trocheck 13 (Teuvo Teravainen 18, Taylor Hall 14) at 13:12
6. Panthers , Joshua Norris 15 (Teuvo Teravainen 19, Jamie Oleksiak 7) at 19:55
Jamie Oleksiak (FLA) for Interference (Minor) at 8:56
Goalie Stats
Antti Raanta (FLA), 36 saves from 38 shots - (0,947), W, 12-5-2, 60:00 minutes
Elvis Merzlikins (BUF), 34 saves from 38 shots - (0,895), L, 9-10-0, 60:00 minutes
3 StarsOfficial
1 - Vincent Trocheck (FLA)
2 - Antti Raanta (FLA)
3 - Teuvo Teravainen (FLA)
Referees : Ryan Hersey and Dean Morton
Linesman : Mark Shewchyk and Ryan Galloway
Game Note
15:07 of 1st period - Penalty Shot by Teuvo Teravainen for Panthers - Stopped by Elvis Merzlikins
Finance
Level 1 -- Attendance: 5820 (97,00%) -- Ticket Income $582,000
Level 2 -- Attendance: 4731 (94,62%) -- Ticket Income $293,322
Level 3 -- Attendance: 1285 (64,25%) -- Ticket Income $70,675
Level 4 -- Attendance: 2797 (69,93%) -- Ticket Income $83,910
Luxury Box -- Attendance: 1000 (100,00%) -- Ticket Income $186,000
Game was played at the First Niagara Center.
Total Attendance: 15633 (86,85%)
Total Ticket Income: $1,215,907
Other Income: $595,794
Total Income: $1,811,701



Team Name Goals Shots Shots Attemp Shots Blocked PIM HIT PP PK FO%
Panthers 43860184310 / 1 (0%)040%
Sabres 2387974190 / 3 (0%)060%

Panthers
Player Name POS G A P +/- PIM HIT SHT SB MP PP MP PP SHT PK MP PK SHT FO% FOT GA TA
Andrew PeekeD0001022022:511:4401:4600% 011
Anthony CirelliC/LW/RW000-2031016:192:0100:0100% 100
Garnet HathawayC/LW/RW0001010014:270:3000:0000% 100
J.J. MoserD000-1001417:050:2300:3200% 000
Jamie OleksiakD0112220219:341:5101:0900% 002
Jonas SiegenthalerD000-1011317:350:5410:3100% 001
Joshua NorrisC101-1027018:421:5711:53038% 2101
Kevin LabancLW/RW000100107:410:0000:0000% 000
Marcus FolignoLW1011235114:350:0000:0000% 010
Michael MathesonD0002020124:102:1302:1200% 012
Mike HoffmanC/RW000-2013016:201:5700:090100% 100
Patrick BrownC/RW000101008:140:4900:0000% 100
Rocco GrimaldiC/LW/RW101102207:250:0000:0000% 320
Ross ColtonC/LW/RW0111024214:130:0000:00038% 2110
Taylor HallC/LW0112021219:541:4301:5900% 010
Teuvo TeravainenC/LW/RW0222002019:231:1901:550100% 111
Tyson BarrieD0111022318:460:5101:4600% 010
Vincent TrocheckC/LW/RW1011056018:451:3801:59054% 1312
Sabres
Player Name POS G A P +/- PIM HIT SHT SB MP PP MP PP SHT PK MP PK SHT FO% FOT GA TA
Anze KopitarC000-3015019:192:0201:25069% 1610
Clayton KellerLW/RW000-3023119:102:0210:4300% 001
David PerronLW/RW000-1001015:460:0000:0900% 120
Derek ForbortD1010222219:400:0001:0100% 000
Eeli TolvanenLW/RW0111000010:521:5600:0000% 011
Filip HronekD000-2012124:032:2500:1000% 013
Ivan ProvorovD000-2010124:221:3301:5900% 011
Jakub VranaLW/RW0111004013:442:2500:0000% 000
Jeremy LauzonD0000042120:160:0002:2200% 001
Marco ScandellaD0000000014:150:0001:3600% 011
Nicklas BackstromC000-1002017:171:5600:44054% 2411
Rasmus SandinD0110010013:230:0000:4800% 000
Ryan ReavesLW/RW1011013112:030:0002:0700% 101
Sam SteelC/LW/RW0001010012:080:0002:12067% 900
Seth JarvisRW0001025011:280:0000:0000% 010
Thomas NovakC0111001013:011:3300:00067% 1200
Trevor ZegrasC/LW000-2222017:331:5600:3600% 010
Zach HymanLW/RW000-2016017:402:0200:0000% 000

Panthers

5 vs 5 Forward
Line #Left WingCenterRight WingPHYDFOFWanted %Time %Time Play
1Taylor HallVincent TrocheckTeuvo Teravainen0233030%15:09
2Anthony CirelliJoshua NorrisMike Hoffman0233028%14:14
3Marcus FolignoRoss ColtonGarnet Hathaway0233028%14:13
4Kevin LabancRocco GrimaldiPatrick Brown0231015%7:25
5 vs 5 Defense
Line #DefenseDefensePHYDFOFWanted %Time %Time Play
1Michael MathesonAndrew Peeke0233232%16:23
2Jamie OleksiakTyson Barrie0233232%16:25
3J.J. MoserJonas Siegenthaler0233131%15:54
4Michael MathesonAndrew Peeke03255%2:19
Power Play Forward
Line #Left WingCenterRight WingPHYDFOFWanted %Time %Time Play
1Taylor HallVincent TrocheckAnthony Cirelli0235051%2:01
2Teuvo TeravainenJoshua NorrisMike Hoffman0235049%1:57
Power Play Defense
Line #DefenseDefensePHYDFOFWanted %Time %Time Play
1Michael MathesonJamie Oleksiak0235056%2:13
2Tyson BarrieAndrew Peeke0235044%1:45
Penalty Kill 4 Players Forward
Line #CenterWingPHYDFOFWanted %Time %Time Play
1Vincent TrocheckTaylor Hall0235050%1:59
2Joshua NorrisTeuvo Teravainen0235050%1:59
Penalty Kill 4 Players Defense
Line #DefenseDefensePHYDFOFWanted %Time %Time Play
1Michael MathesonJamie Oleksiak0325055%2:12
2Tyson BarrieAndrew Peeke0325045%1:46
Penalty Kill 3 Players
Line #WingPHYDFOFWanted %Time %Time PlayDefenseDefensePHYDFOFWanted %Time %Time Play
1Vincent Trocheck023500%0:00 Michael MathesonJamie Oleksiak032500%0:00
2Joshua Norris023500%0:00 Tyson BarrieAndrew Peeke032500%0:00
4 vs 4 Forward
Line #CenterWingPHYDFOFWanted %Time %Time Play
1Vincent TrocheckTaylor Hall023500%0:00
2Joshua NorrisAnthony Cirelli023500%0:00
4 vs 4 Defense
Line #DefensePHYDFOFWanted %Time %Time Play
1Michael MathesonJamie Oleksiak023500%0:00
2Tyson BarrieAndrew Peeke032500%0:00
Last Minutes Offensive
Left WingCenterRight WingDefenseDefense
Taylor HallVincent TrocheckAnthony CirelliMichael MathesonJamie Oleksiak
Last Minutes Defensive
Left WingCenterRight WingDefenseDefense
Taylor HallJoshua NorrisTeuvo TeravainenMichael MathesonJamie Oleksiak
Time
Total ForwardTotal DefenseLast Minutes OffensiveLast Minutes Defensive
60:00 60:00 0:001:03
Extra Forwards
Normal PowerPlayPenalty Kill
Marcus Foligno, Kevin Labanc, Rocco GrimaldiPatrick Brown, Garnet HathawayMike Hoffman
Extra Defensemen
Normal PowerPlayPenalty Kill
Jamie Oleksiak, Jonas Siegenthaler, Tyson BarrieJonas Siegenthaler, J.J. MoserJonas Siegenthaler
Penalty Shots
Joshua Norris, Vincent Trocheck, Teuvo Teravainen, Michael Matheson, Anthony Cirelli
Goalie
Antti Raanta, Kevin Lankinen
Custom OT Lines Forwards
Vincent Trocheck, Joshua Norris, Taylor Hall, Anthony Cirelli, Teuvo Teravainen, Marcus Foligno, Mike Hoffman, Patrick Brown, Kevin Labanc, Rocco Grimaldi
Custom OT Lines Defensemen
Michael Matheson, Jamie Oleksiak, Tyson Barrie, J.J. Moser, Andrew Peeke
Scratches
Josh Archibald (Healthy), Ville Husso (Healthy)

Sabres

5 vs 5 Forward
Line #Left WingCenterRight WingPHYDFOFWanted %Time %Time Play
1Trevor ZegrasAnze KopitarClayton Keller0143029%15:01
2Zach HymanNicklas BackstromDavid Perron0143029%14:37
3Jakub VranaThomas NovakSeth Jarvis0232222%11:28
4Eeli TolvanenSam SteelRyan Reaves1221819%9:56
5 vs 5 Defense
Line #DefenseDefensePHYDFOFWanted %Time %Time Play
1Ivan ProvorovFilip Hronek0233939%19:51
2Derek ForbortJeremy Lauzon0233636%18:25
3Marco ScandellaRasmus Sandin0322524%12:10
4Derek ForbortIvan Provorov12201%0:36
Power Play Forward
Line #Left WingCenterRight WingPHYDFOFWanted %Time %Time Play
1Clayton KellerAnze KopitarZach Hyman0055551%2:02
2Trevor ZegrasNicklas BackstromEeli Tolvanen0054549%1:56
Power Play Defense
Line #DefenseDefensePHYDFOFWanted %Time %Time Play
1Jakub VranaFilip Hronek0145561%2:25
2Thomas NovakIvan Provorov0144539%1:33
Penalty Kill 4 Players Forward
Line #CenterWingPHYDFOFWanted %Time %Time Play
1Sam SteelRyan Reaves0505154%2:09
2Anze KopitarSam Steel0504946%1:49
Penalty Kill 4 Players Defense
Line #DefenseDefensePHYDFOFWanted %Time %Time Play
1Derek ForbortJeremy Lauzon0506064%2:32
2Ivan ProvorovMarco Scandella0504036%1:26
Penalty Kill 3 Players
Line #WingPHYDFOFWanted %Time %Time PlayDefenseDefensePHYDFOFWanted %Time %Time Play
1Anze Kopitar050600%0:00 Ivan ProvorovFilip Hronek050600%0:00
2Sam Steel050400%0:00 Derek ForbortJeremy Lauzon050400%0:00
4 vs 4 Forward
Line #CenterWingPHYDFOFWanted %Time %Time Play
1Thomas NovakDavid Perron122500%0:00
2Sam SteelSeth Jarvis122500%0:00
4 vs 4 Defense
Line #DefensePHYDFOFWanted %Time %Time Play
1Ivan ProvorovFilip Hronek122550%0:00
2Derek ForbortJeremy Lauzon122450%0:00
Last Minutes Offensive
Left WingCenterRight WingDefenseDefense
Clayton KellerAnze KopitarZach HymanIvan ProvorovFilip Hronek
Last Minutes Defensive
Left WingCenterRight WingDefenseDefense
Clayton KellerAnze KopitarZach HymanDerek ForbortMarco Scandella
Time
Total ForwardTotal DefenseLast Minutes OffensiveLast Minutes Defensive
60:00 60:00 1:020:00
Extra Forwards
Normal PowerPlayPenalty Kill
Trevor Zegras, Nicklas Backstrom, Eeli TolvanenTrevor Zegras, Nicklas BackstromTrevor Zegras
Extra Defensemen
Normal PowerPlayPenalty Kill
Marco Scandella, Rasmus Sandin, Derek ForbortIvan Provorov, Ivan ProvorovRasmus Sandin
Penalty Shots
Trevor Zegras, Thomas Novak, Anze Kopitar, Nicklas Backstrom, David Perron
Goalie
Elvis Merzlikins, Anthony Stolarz
Custom OT Lines Forwards
Anze Kopitar, Clayton Keller, Zach Hyman, David Perron, Trevor Zegras, Nicklas Backstrom, Eeli Tolvanen, Jakub Vrana, Seth Jarvis, Thomas Novak
Custom OT Lines Defensemen
Ivan Provorov, Filip Hronek, Derek Forbort, Jeremy Lauzon, Rasmus Sandin
Scratches
None


Play-by-Play

1st period


0:01 of 1st period - Anze Kopitar wins face-off versus Vincent Trocheck in neutral zone.
1:14 of 1st period - Off-side.
1:15 of 1st period - Sam Steel wins face-off versus Patrick Brown in neutral zone.
1:17 of 1st period - Off-side.
1:18 of 1st period - Sam Steel wins face-off versus Rocco Grimaldi in neutral zone.
1:27 of 1st period - Backhand shot by Kevin Labanc.
1:27 of 1st period - Stopped by Elvis Merzlikins with a rebound.
1:29 of 1st period - Wrist shot by Patrick Brown.
1:29 of 1st period - Shot Blocked by Ryan Reaves.
1:31 of 1st period - Slapshot by Jamie Oleksiak.
1:31 of 1st period - Shot Misses the Net.
1:33 of 1st period - Snap shot by Rocco Grimaldi.
1:33 of 1st period - Shot Misses the Net.
2:28 of 1st period - Trevor Zegras is hit by Jamie Oleksiak and loses puck.
2:35 of 1st period - Tyson Barrie is hit by Clayton Keller and loses puck.
3:06 of 1st period - Backhand shot by Vincent Trocheck.
3:06 of 1st period - Stopped by Elvis Merzlikins with a rebound.
3:21 of 1st period - Minor Penalty to Trevor Zegras for High sticking.
3:22 of 1st period - Mike Hoffman wins face-off versus Sam Steel in Sabres zone.
3:22 of 1st period - Snap shot by Joshua Norris.
3:22 of 1st period - Stopped by Elvis Merzlikins with a rebound.
3:24 of 1st period - Wrist shot by Patrick Brown.
3:24 of 1st period - Shot Blocked by Jeremy Lauzon.
3:26 of 1st period - Slapshot by Jonas Siegenthaler.
3:26 of 1st period - Stopped by Elvis Merzlikins without a rebound.
3:27 of 1st period - Sam Steel wins face-off versus Joshua Norris in Sabres zone.
5:21 of 1st period - Penalty to Trevor Zegras is over, Trevor Zegras is back on ice.
5:29 of 1st period - Wrist shot by Teuvo Teravainen.
5:29 of 1st period - Stopped by Elvis Merzlikins with a rebound.
6:13 of 1st period - Marcus Foligno is hit by Jeremy Lauzon and loses puck.
6:34 of 1st period - Wrist shot by Jakub Vrana.
6:34 of 1st period - Shot Misses the Net.
6:46 of 1st period - Nicklas Backstrom is hit by Taylor Hall and loses puck.
7:09 of 1st period - Tyson Barrie is hit by Anze Kopitar and loses puck.
7:14 of 1st period - Wrist shot by Clayton Keller.
7:14 of 1st period - Shot Misses the Net.
7:20 of 1st period - Minor Penalty to Marcus Foligno for Cross-checking.
7:21 of 1st period - Anze Kopitar wins face-off versus Vincent Trocheck in Panthers zone.
9:20 of 1st period - Penalty to Marcus Foligno is over, Marcus Foligno is back on ice.
9:38 of 1st period - Sam Steel is hit by Anthony Cirelli.
9:48 of 1st period - Clayton Keller is hit by Rocco Grimaldi and loses puck.
9:53 of 1st period - Wrist shot by Rocco Grimaldi.
9:53 of 1st period - Shot Misses the Net.
9:55 of 1st period - Slapshot by Andrew Peeke.
9:55 of 1st period - Stopped by Elvis Merzlikins without a rebound.
9:56 of 1st period - Ross Colton wins face-off versus Nicklas Backstrom in Sabres zone.
10:15 of 1st period - Anthony Cirelli is hit by Sam Steel and loses puck.
11:10 of 1st period - Nicklas Backstrom is hit by Rocco Grimaldi and loses puck.
11:14 of 1st period - Icing by Nicklas Backstrom.
11:15 of 1st period - Joshua Norris wins face-off versus Nicklas Backstrom in Sabres zone.
11:22 of 1st period - Slapshot by Joshua Norris.
11:22 of 1st period - Shot Blocked by Derek Forbort.
11:24 of 1st period - Snap shot by Anthony Cirelli.
11:24 of 1st period - Stopped by Elvis Merzlikins without a rebound.
11:25 of 1st period - Nicklas Backstrom wins face-off versus Joshua Norris in Sabres zone.
11:36 of 1st period - Snap shot by Zach Hyman.
11:36 of 1st period - Stopped by Antti Raanta without a rebound.
11:37 of 1st period - Nicklas Backstrom wins face-off versus Garnet Hathaway in Panthers zone.
11:49 of 1st period - Slapshot by Filip Hronek.
11:49 of 1st period - Shot Blocked by Marcus Foligno.
11:51 of 1st period - Slapshot by Filip Hronek.
11:51 of 1st period - Stopped by Antti Raanta with a rebound.
11:53 of 1st period - Backhand shot by Ivan Provorov.
11:53 of 1st period - Shot Misses the Net.
12:03 of 1st period - Ivan Provorov is hit by Anthony Cirelli.
12:04 of 1st period - Icing by Ivan Provorov.
12:05 of 1st period - Thomas Novak wins face-off versus Anthony Cirelli in Sabres zone.
12:07 of 1st period - Icing by Jakub Vrana.
12:08 of 1st period - Thomas Novak wins face-off versus Joshua Norris in Sabres zone.
12:08 of 1st period - Thomas Novak is hit by Michael Matheson.
12:43 of 1st period - Slapshot by Seth Jarvis.
12:43 of 1st period - Shot Misses the Net.
12:45 of 1st period - Slapshot by Jeremy Lauzon.
12:45 of 1st period - Shot Blocked by J.J. Moser.
12:47 of 1st period - Slapshot by Jeremy Lauzon.
12:47 of 1st period - Stopped by Antti Raanta with a rebound.
12:53 of 1st period - Wrist shot by Jakub Vrana.
12:53 of 1st period - Shot Misses the Net.
12:55 of 1st period - Slapshot by Derek Forbort.
12:55 of 1st period - Shot Hit the Post.
12:57 of 1st period - Snap shot by Seth Jarvis.
12:57 of 1st period - Stopped by Antti Raanta with a rebound.
12:59 of 1st period - Slapshot by Jeremy Lauzon.
12:59 of 1st period - Deflect By Joshua Norris.
12:59 of 1st period - Stopped by Antti Raanta with a rebound.
13:01 of 1st period - Wrist shot by Thomas Novak.
13:01 of 1st period - Shot Blocked by J.J. Moser.
13:03 of 1st period - Slapshot by Jeremy Lauzon.
13:03 of 1st period - Shot Misses the Net.
13:05 of 1st period - Snap shot by Derek Forbort.
13:05 of 1st period - Shot Blocked by Jonas Siegenthaler.
13:07 of 1st period - Snap shot by Jakub Vrana.
13:07 of 1st period - Stopped by Antti Raanta with a rebound.
13:09 of 1st period - Snap shot by Jakub Vrana.
13:09 of 1st period - Stopped by Antti Raanta without a rebound.
13:10 of 1st period - Nicklas Backstrom wins face-off versus Ross Colton in Panthers zone.
13:21 of 1st period - Snap shot by Nicklas Backstrom.
13:21 of 1st period - Shot Misses the Net.
14:15 of 1st period - Snap shot by Trevor Zegras.
14:15 of 1st period - Stopped by Antti Raanta with a rebound.
14:24 of 1st period - Icing by Anze Kopitar.
14:25 of 1st period - Anze Kopitar wins face-off versus Ross Colton in Sabres zone.
14:52 of 1st period - Filip Hronek is hit by Jamie Oleksiak and loses puck.
15:07 of 1st period - Penalty Shot by Teuvo Teravainen for Panthers.
15:07 of 1st period - Wrist shot by Teuvo Teravainen.
15:07 of 1st period - Stopped by Elvis Merzlikins.
15:08 of 1st period - Joshua Norris wins face-off versus Nicklas Backstrom in Panthers zone.
15:08 of 1st period - Joshua Norris is hit by Zach Hyman.
15:14 of 1st period - Snap shot by Ross Colton.
15:14 of 1st period - Stopped by Elvis Merzlikins without a rebound.
15:15 of 1st period - Ross Colton wins face-off versus Nicklas Backstrom in Sabres zone.
15:18 of 1st period - Slapshot by Ross Colton.
15:18 of 1st period - Stopped by Elvis Merzlikins without a rebound.
15:19 of 1st period - Nicklas Backstrom wins face-off versus Ross Colton in Sabres zone.
15:19 of 1st period - Zach Hyman is hit by Ross Colton and loses puck.
15:50 of 1st period - Wrist shot by Vincent Trocheck.
15:50 of 1st period - Stopped by Elvis Merzlikins with a rebound.
16:10 of 1st period - Wrist shot by Eeli Tolvanen.
16:10 of 1st period - Shot Misses the Net.
16:54 of 1st period - David Perron is hit by Jonas Siegenthaler and loses puck.
17:15 of 1st period - Snap shot by Marcus Foligno.
17:15 of 1st period - Goal by Marcus Foligno - Panthers : 1 - Sabres : 0.
17:16 of 1st period - Joshua Norris wins face-off versus Nicklas Backstrom in neutral zone.
17:31 of 1st period - Wrist shot by Mike Hoffman.
17:31 of 1st period - Stopped by Elvis Merzlikins with a rebound.
18:33 of 1st period - Patrick Brown is hit by Seth Jarvis and loses puck.
Goals for this period are 1 for Panthers vs 0 for Sabres.
Shots for this period are 12 for Panthers vs 8 for Sabres.

2nd period


0:01 of 2nd period - Anze Kopitar wins face-off versus Joshua Norris in neutral zone.
0:26 of 2nd period - Jonas Siegenthaler is hit by Jeremy Lauzon and loses puck.
0:52 of 2nd period - Michael Matheson is hit by Filip Hronek and loses puck.
1:13 of 2nd period - Vincent Trocheck is hit by Ivan Provorov and loses puck.
1:28 of 2nd period - Clayton Keller is hit by Andrew Peeke and loses puck.
2:08 of 2nd period - Snap shot by Trevor Zegras.
2:08 of 2nd period - Shot Misses the Net.
2:10 of 2nd period - Wrist shot by Anze Kopitar.
2:10 of 2nd period - Stopped by Antti Raanta with a rebound.
2:12 of 2nd period - Snap shot by Anze Kopitar.
2:12 of 2nd period - Shot Blocked by Jamie Oleksiak.
2:14 of 2nd period - Slapshot by Marco Scandella.
2:14 of 2nd period - Shot Blocked by Tyson Barrie.
2:16 of 2nd period - Wrist shot by Trevor Zegras.
2:16 of 2nd period - Deflect By Teuvo Teravainen.
2:16 of 2nd period - Shot Blocked by Taylor Hall.
2:16 of 2nd period - Puck is out of play.
2:17 of 2nd period - Ross Colton wins face-off versus Nicklas Backstrom in Panthers zone.
3:17 of 2nd period - Wrist shot by Sam Steel.
3:17 of 2nd period - Shot Blocked by Tyson Barrie.
3:19 of 2nd period - Backhand shot by Ryan Reaves.
3:19 of 2nd period - Stopped by Antti Raanta with a rebound.
3:21 of 2nd period - Slapshot by Eeli Tolvanen.
3:21 of 2nd period - Shot Blocked by Tyson Barrie.
3:23 of 2nd period - Snap shot by Filip Hronek.
3:23 of 2nd period - Stopped by Antti Raanta without a rebound.
3:24 of 2nd period - Nicklas Backstrom wins face-off versus Ross Colton in Panthers zone.
4:51 of 2nd period - Snap shot by Sam Steel.
4:51 of 2nd period - Shot Blocked by Michael Matheson.
4:53 of 2nd period - Snap shot by Ryan Reaves.
4:53 of 2nd period - Shot Blocked by Taylor Hall.
5:08 of 2nd period - J.J. Moser is hit by Seth Jarvis and loses puck.
5:33 of 2nd period - J.J. Moser is hit by Jeremy Lauzon and loses puck.
5:38 of 2nd period - Snap shot by Anze Kopitar.
5:38 of 2nd period - Shot Blocked by Jonas Siegenthaler.
6:02 of 2nd period - Ivan Provorov is hit by Garnet Hathaway and loses puck.
6:24 of 2nd period - Filip Hronek is hit by Vincent Trocheck.
7:06 of 2nd period - Wrist shot by Joshua Norris.
7:06 of 2nd period - Stopped by Elvis Merzlikins with a rebound.
7:28 of 2nd period - Snap shot by Ryan Reaves.
7:28 of 2nd period - Shot Misses the Net.
7:38 of 2nd period - Wrist shot by Zach Hyman.
7:38 of 2nd period - Stopped by Antti Raanta without a rebound.
7:39 of 2nd period - Nicklas Backstrom wins face-off versus Rocco Grimaldi in Panthers zone.
7:46 of 2nd period - Slapshot by Nicklas Backstrom.
7:46 of 2nd period - Stopped by Antti Raanta without a rebound.
7:47 of 2nd period - Nicklas Backstrom wins face-off versus Ross Colton in Panthers zone.
7:53 of 2nd period - Off-side.
7:54 of 2nd period - Ross Colton wins face-off versus Nicklas Backstrom in neutral zone.
8:02 of 2nd period - Snap shot by Marcus Foligno.
8:02 of 2nd period - Shot Misses the Net.
8:04 of 2nd period - Wrist shot by Marcus Foligno.
8:04 of 2nd period - Stopped by Elvis Merzlikins with a rebound.
8:06 of 2nd period - Slapshot by Ross Colton.
8:06 of 2nd period - Stopped by Elvis Merzlikins with a rebound.
8:08 of 2nd period - Snap shot by Marcus Foligno.
8:08 of 2nd period - Stopped by Elvis Merzlikins with a rebound.
8:10 of 2nd period - Slapshot by Garnet Hathaway.
8:10 of 2nd period - Shot Blocked by Derek Forbort.
9:17 of 2nd period - Icing by Ivan Provorov.
9:18 of 2nd period - Ross Colton wins face-off versus Ryan Reaves in Sabres zone.
9:25 of 2nd period - Wrist shot by Marcus Foligno.
9:25 of 2nd period - Stopped by Elvis Merzlikins with a rebound.
9:27 of 2nd period - Snap shot by Andrew Peeke.
9:27 of 2nd period - Stopped by Elvis Merzlikins without a rebound.
9:28 of 2nd period - Ross Colton wins face-off versus Nicklas Backstrom in Sabres zone.
9:39 of 2nd period - Wrist shot by Zach Hyman.
9:39 of 2nd period - Shot Misses the Net.
10:48 of 2nd period - Minor Penalty to Derek Forbort for Hooking.
10:49 of 2nd period - Sam Steel wins face-off versus Vincent Trocheck in Sabres zone.
10:59 of 2nd period - Wrist shot by Sam Steel.
10:59 of 2nd period - Deflect By Vincent Trocheck.
10:59 of 2nd period - Shot Misses the Net.
10:59 of 2nd period - Puck is out of play.
11:00 of 2nd period - Vincent Trocheck wins face-off versus Sam Steel in Panthers zone.
12:16 of 2nd period - Ivan Provorov is hit by Tyson Barrie and loses puck.
12:48 of 2nd period - Penalty to Derek Forbort is over, Derek Forbort is back on ice.
12:49 of 2nd period - Anthony Cirelli is hit by Clayton Keller and loses puck.
13:02 of 2nd period - Slapshot by Zach Hyman.
13:02 of 2nd period - Stopped by Antti Raanta with a rebound.
13:10 of 2nd period - Snap shot by Zach Hyman.
13:10 of 2nd period - Shot Misses the Net.
13:50 of 2nd period - Wrist shot by Anze Kopitar.
13:50 of 2nd period - Stopped by Antti Raanta with a rebound.
14:18 of 2nd period - Jamie Oleksiak is hit by Ryan Reaves and loses puck.
14:35 of 2nd period - Jamie Oleksiak is hit by Trevor Zegras and loses puck.
14:50 of 2nd period - Rasmus Sandin is hit by Michael Matheson and loses puck.
15:08 of 2nd period - Patrick Brown is hit by Rasmus Sandin and loses puck.
15:30 of 2nd period - David Perron is hit by Patrick Brown and loses puck.
15:44 of 2nd period - Off-side.
15:45 of 2nd period - Anze Kopitar wins face-off versus Ross Colton in neutral zone.
15:48 of 2nd period - Snap shot by Filip Hronek.
15:48 of 2nd period - Shot Misses the Net.
15:50 of 2nd period - Wrist shot by Clayton Keller.
15:50 of 2nd period - Shot Misses the Net.
15:52 of 2nd period - Wrist shot by Trevor Zegras.
15:52 of 2nd period - Stopped by Antti Raanta without a rebound.
15:53 of 2nd period - Ross Colton wins face-off versus Anze Kopitar in Panthers zone.
15:53 of 2nd period - Ross Colton is hit by Trevor Zegras.
16:17 of 2nd period - Clayton Keller is hit by Marcus Foligno and loses puck.
17:14 of 2nd period - Slapshot by Clayton Keller.
17:14 of 2nd period - Shot Misses the Net.
17:24 of 2nd period - Ross Colton is hit by Derek Forbort and loses puck.
17:59 of 2nd period - Snap shot by Clayton Keller.
17:59 of 2nd period - Shot Misses the Net.
18:01 of 2nd period - Snap shot by Trevor Zegras.
18:01 of 2nd period - Shot Blocked by Jonas Siegenthaler.
18:03 of 2nd period - Slapshot by Jeremy Lauzon.
18:03 of 2nd period - Shot Blocked by Ross Colton.
18:05 of 2nd period - Wrist shot by Clayton Keller.
18:05 of 2nd period - Shot Misses the Net.
18:09 of 2nd period - Wrist shot by Anze Kopitar.
18:09 of 2nd period - Stopped by Antti Raanta without a rebound.
18:10 of 2nd period - Nicklas Backstrom wins face-off versus Joshua Norris in Panthers zone.
18:15 of 2nd period - Wrist shot by Zach Hyman.
18:15 of 2nd period - Stopped by Antti Raanta with a rebound.
18:17 of 2nd period - Snap shot by David Perron.
18:17 of 2nd period - Stopped by Antti Raanta without a rebound.
18:18 of 2nd period - Nicklas Backstrom wins face-off versus Joshua Norris in Panthers zone.
18:30 of 2nd period - Off-side.
18:31 of 2nd period - Nicklas Backstrom wins face-off versus Joshua Norris in neutral zone.
18:43 of 2nd period - Slapshot by Joshua Norris.
18:43 of 2nd period - Stopped by Elvis Merzlikins with a rebound.
Goals for this period are 0 for Panthers vs 0 for Sabres.
Shots for this period are 7 for Panthers vs 11 for Sabres.

3rd period


0:01 of 3rd period - Vincent Trocheck wins face-off versus Nicklas Backstrom in neutral zone.
0:10 of 3rd period - Snap shot by Vincent Trocheck.
0:10 of 3rd period - Stopped by Elvis Merzlikins without a rebound.
0:11 of 3rd period - Joshua Norris wins face-off versus Nicklas Backstrom in Sabres zone.
0:28 of 3rd period - Snap shot by Zach Hyman.
0:28 of 3rd period - Stopped by Antti Raanta with a rebound.
1:32 of 3rd period - Wrist shot by Rocco Grimaldi.
1:32 of 3rd period - Stopped by Elvis Merzlikins with a rebound.
1:34 of 3rd period - Snap shot by Rocco Grimaldi.
1:34 of 3rd period - Shot Blocked by Clayton Keller.
1:52 of 3rd period - Slapshot by Mike Hoffman.
1:52 of 3rd period - Deflect By Anthony Cirelli.
1:52 of 3rd period - Shot Misses the Net.
1:52 of 3rd period - Puck is out of play.
1:53 of 3rd period - Vincent Trocheck wins face-off versus Thomas Novak in Sabres zone.
1:54 of 3rd period - Snap shot by Teuvo Teravainen.
1:54 of 3rd period - Stopped by Elvis Merzlikins with a rebound.
1:56 of 3rd period - Snap shot by Tyson Barrie.
1:56 of 3rd period - Stopped by Elvis Merzlikins without a rebound.
1:57 of 3rd period - Vincent Trocheck wins face-off versus Thomas Novak in Sabres zone.
2:30 of 3rd period - Snap shot by Joshua Norris.
2:30 of 3rd period - Stopped by Elvis Merzlikins without a rebound.
2:31 of 3rd period - Nicklas Backstrom wins face-off versus Joshua Norris in Sabres zone.
2:52 of 3rd period - Ivan Provorov is hit by Vincent Trocheck and loses puck.
3:21 of 3rd period - Slapshot by Nicklas Backstrom.
3:21 of 3rd period - Deflect By David Perron.
3:21 of 3rd period - Shot Blocked by J.J. Moser.
3:21 of 3rd period - Puck is out of play.
3:22 of 3rd period - Joshua Norris wins face-off versus Thomas Novak in Panthers zone.
3:27 of 3rd period - Thomas Novak is hit by Tyson Barrie and loses puck.
3:56 of 3rd period - Wrist shot by Jakub Vrana.
3:56 of 3rd period - Stopped by Antti Raanta with a rebound.
3:58 of 3rd period - Snap shot by Derek Forbort.
3:58 of 3rd period - Goal by Derek Forbort - Panthers : 1 - Sabres : 1.
3:59 of 3rd period - Anze Kopitar wins face-off versus Vincent Trocheck in neutral zone.
4:45 of 3rd period - Snap shot by Rocco Grimaldi.
4:45 of 3rd period - Goal by Rocco Grimaldi - Panthers : 2 - Sabres : 1.
4:46 of 3rd period - Vincent Trocheck wins face-off versus Anze Kopitar in neutral zone.
4:51 of 3rd period - Wrist shot by Vincent Trocheck.
4:51 of 3rd period - Stopped by Elvis Merzlikins with a rebound.
5:03 of 3rd period - Slapshot by Clayton Keller.
5:03 of 3rd period - Stopped by Antti Raanta without a rebound.
5:04 of 3rd period - Joshua Norris wins face-off versus Sam Steel in Panthers zone.
5:40 of 3rd period - Snap shot by Anze Kopitar.
5:40 of 3rd period - Stopped by Antti Raanta with a rebound.
6:19 of 3rd period - Filip Hronek is hit by Vincent Trocheck and loses puck.
6:38 of 3rd period - Sam Steel is hit by Joshua Norris and loses puck.
6:43 of 3rd period - Wrist shot by Joshua Norris.
6:43 of 3rd period - Stopped by Elvis Merzlikins without a rebound.
6:44 of 3rd period - Anze Kopitar wins face-off versus Ross Colton in Sabres zone.
6:44 of 3rd period - Anze Kopitar is hit by Marcus Foligno.
7:19 of 3rd period - Snap shot by Joshua Norris.
7:19 of 3rd period - Deflect By Anthony Cirelli.
7:19 of 3rd period - Shot Misses the Net.
7:19 of 3rd period - Puck is out of play.
7:20 of 3rd period - Thomas Novak wins face-off versus Ross Colton in Sabres zone.
7:20 of 3rd period - Thomas Novak is hit by Ross Colton.
7:34 of 3rd period - Wrist shot by Jakub Vrana.
7:34 of 3rd period - Stopped by Antti Raanta with a rebound.
7:36 of 3rd period - Snap shot by Thomas Novak.
7:36 of 3rd period - Stopped by Antti Raanta with a rebound.
8:06 of 3rd period - Rasmus Sandin is hit by Mike Hoffman and loses puck.
8:17 of 3rd period - Wrist shot by Eeli Tolvanen.
8:17 of 3rd period - Shot Blocked by J.J. Moser.
8:19 of 3rd period - Snap shot by Ryan Reaves.
8:19 of 3rd period - Goal by Ryan Reaves - Panthers : 2 - Sabres : 2.
8:20 of 3rd period - Anze Kopitar wins face-off versus Vincent Trocheck in neutral zone.
8:35 of 3rd period - Wrist shot by Clayton Keller.
8:35 of 3rd period - Stopped by Antti Raanta without a rebound.
8:36 of 3rd period - Ross Colton wins face-off versus David Perron in Panthers zone.
8:47 of 3rd period - Slapshot by Nicklas Backstrom.
8:47 of 3rd period - Stopped by Antti Raanta with a rebound.
8:49 of 3rd period - Snap shot by Nicklas Backstrom.
8:49 of 3rd period - Shot Blocked by Ross Colton.
8:51 of 3rd period - Wrist shot by Zach Hyman.
8:51 of 3rd period - Shot Misses the Net.
8:53 of 3rd period - Wrist shot by Zach Hyman.
8:53 of 3rd period - Stopped by Antti Raanta without a rebound.
8:54 of 3rd period - Vincent Trocheck wins face-off versus Anze Kopitar in Panthers zone.
8:56 of 3rd period - Minor Penalty to Jamie Oleksiak for Interference.
8:57 of 3rd period - Teuvo Teravainen wins face-off versus Anze Kopitar in Panthers zone.
9:05 of 3rd period - Wrist shot by Clayton Keller.
9:05 of 3rd period - Stopped by Antti Raanta with a rebound.
9:11 of 3rd period - Anze Kopitar is hit by Andrew Peeke and loses puck.
10:25 of 3rd period - Nicklas Backstrom is hit by Vincent Trocheck and loses puck.
10:56 of 3rd period - Penalty to Jamie Oleksiak is over, Jamie Oleksiak is back on ice.
11:25 of 3rd period - Off-side.
11:26 of 3rd period - Sam Steel wins face-off versus Rocco Grimaldi in neutral zone.
11:29 of 3rd period - Kevin Labanc is hit by Derek Forbort and loses puck.
12:21 of 3rd period - Off-side.
12:22 of 3rd period - Nicklas Backstrom wins face-off versus Vincent Trocheck in neutral zone.
12:34 of 3rd period - Icing by Andrew Peeke.
12:35 of 3rd period - Vincent Trocheck wins face-off versus Anze Kopitar in Panthers zone.
13:10 of 3rd period - Wrist shot by Teuvo Teravainen.
13:10 of 3rd period - Shot Blocked by Filip Hronek.
13:12 of 3rd period - Wrist shot by Vincent Trocheck.
13:12 of 3rd period - Goal by Vincent Trocheck - Panthers : 3 - Sabres : 2.
13:13 of 3rd period - Joshua Norris wins face-off versus Nicklas Backstrom in neutral zone.
13:18 of 3rd period - Wrist shot by Mike Hoffman.
13:18 of 3rd period - Stopped by Elvis Merzlikins with a rebound.
13:45 of 3rd period - Snap shot by Marcus Foligno.
13:45 of 3rd period - Shot Misses the Net.
13:47 of 3rd period - Slapshot by Tyson Barrie.
13:47 of 3rd period - Stopped by Elvis Merzlikins without a rebound.
13:48 of 3rd period - Thomas Novak wins face-off versus Ross Colton in Sabres zone.
15:35 of 3rd period - Sam Steel is hit by Taylor Hall and loses puck.
15:46 of 3rd period - Taylor Hall is hit by Jeremy Lauzon.
15:52 of 3rd period - Snap shot by Vincent Trocheck.
15:52 of 3rd period - Stopped by Elvis Merzlikins without a rebound.
15:53 of 3rd period - Thomas Novak wins face-off versus Ross Colton in Sabres zone.
15:53 of 3rd period - Thomas Novak is hit by Marcus Foligno.
15:58 of 3rd period - Off-side.
15:59 of 3rd period - Thomas Novak wins face-off versus Ross Colton in neutral zone.
16:21 of 3rd period - Icing by Thomas Novak.
16:22 of 3rd period - Joshua Norris wins face-off versus Thomas Novak in Sabres zone.
16:23 of 3rd period - Snap shot by Mike Hoffman.
16:23 of 3rd period - Stopped by Elvis Merzlikins with a rebound.
16:29 of 3rd period - Slapshot by Seth Jarvis.
16:29 of 3rd period - Stopped by Antti Raanta with a rebound.
16:31 of 3rd period - Wrist shot by Rasmus Sandin.
16:31 of 3rd period - Deflect By Thomas Novak.
16:31 of 3rd period - Shot Misses the Net.
16:31 of 3rd period - Puck is out of play.
16:32 of 3rd period - Sam Steel wins face-off versus Joshua Norris in Panthers zone.
16:45 of 3rd period - Wrist shot by Sam Steel.
16:45 of 3rd period - Shot Misses the Net.
16:47 of 3rd period - Wrist shot by Ryan Reaves.
16:47 of 3rd period - Stopped by Antti Raanta with a rebound.
16:57 of 3rd period - Slapshot by Ross Colton.
16:57 of 3rd period - Shot Misses the Net.
16:59 of 3rd period - Wrist shot by Ross Colton.
16:59 of 3rd period - Stopped by Elvis Merzlikins with a rebound.
17:03 of 3rd period - Snap shot by Marcus Foligno.
17:03 of 3rd period - Stopped by Elvis Merzlikins with a rebound.
17:05 of 3rd period - Backhand shot by Ross Colton.
17:05 of 3rd period - Shot Misses the Net.
17:07 of 3rd period - Snap shot by J.J. Moser.
17:07 of 3rd period - Stopped by Elvis Merzlikins with a rebound.
17:09 of 3rd period - Snap shot by Ross Colton.
17:09 of 3rd period - Shot Blocked by Ivan Provorov.
17:46 of 3rd period - Wrist shot by Anze Kopitar.
17:46 of 3rd period - Stopped by Antti Raanta without a rebound.
17:47 of 3rd period - Thomas Novak wins face-off versus Ross Colton in Panthers zone.
17:48 of 3rd period - Snap shot by Seth Jarvis.
17:48 of 3rd period - Shot Blocked by Jamie Oleksiak.
17:50 of 3rd period - Snap shot by Thomas Novak.
17:50 of 3rd period - Shot Misses the Net.
17:52 of 3rd period - Snap shot by Seth Jarvis.
17:52 of 3rd period - Deflect By Ross Colton.
17:52 of 3rd period - Stopped by Antti Raanta with a rebound.
17:54 of 3rd period - Slapshot by Seth Jarvis.
17:54 of 3rd period - Stopped by Antti Raanta with a rebound.
18:00 of 3rd period - Wrist shot by Seth Jarvis.
18:00 of 3rd period - Stopped by Antti Raanta with a rebound.
18:02 of 3rd period - Slapshot by Derek Forbort.
18:02 of 3rd period - Stopped by Antti Raanta with a rebound.
18:12 of 3rd period - Sam Steel is hit by Vincent Trocheck and loses puck.
18:33 of 3rd period - Wrist shot by Joshua Norris.
18:33 of 3rd period - Stopped by Elvis Merzlikins without a rebound.
18:34 of 3rd period - Nicklas Backstrom wins face-off versus Joshua Norris in Sabres zone.
18:34 of 3rd period - Nicklas Backstrom is hit by Anthony Cirelli.
18:44 of 3rd period - Marco Scandella is hit by Joshua Norris and loses puck.
18:56 of 3rd period - Icing by Rasmus Sandin.
18:57 of 3rd period - Anze Kopitar wins face-off versus Joshua Norris in Sabres zone.
19:12 of 3rd period - Slapshot by Taylor Hall.
19:12 of 3rd period - Stopped by Elvis Merzlikins with a rebound.
19:14 of 3rd period - Snap shot by Jamie Oleksiak.
19:14 of 3rd period - Shot Misses the Net.
19:16 of 3rd period - Wrist shot by Joshua Norris.
19:16 of 3rd period - Deflect By Taylor Hall.
19:16 of 3rd period - Shot Misses the Net.
19:16 of 3rd period - Puck is out of play.
19:17 of 3rd period - Bruce Cassidy call a timeout for Sabres.
19:17 of 3rd period - Anze Kopitar wins face-off versus Joshua Norris in Sabres zone.
19:27 of 3rd period - Icing by Filip Hronek.
19:28 of 3rd period - Anze Kopitar wins face-off versus Joshua Norris in Sabres zone.
19:47 of 3rd period - Snap shot by Taylor Hall.
19:47 of 3rd period - Shot Misses the Net.
19:49 of 3rd period - Slapshot by Michael Matheson.
19:49 of 3rd period - Shot Misses the Net.
19:51 of 3rd period - Wrist shot by Jamie Oleksiak.
19:51 of 3rd period - Shot Misses the Net.
19:53 of 3rd period - Snap shot by Teuvo Teravainen.
19:53 of 3rd period - Shot Misses the Net.
19:55 of 3rd period - Slapshot by Teuvo Teravainen.
19:55 of 3rd period - Deflect By Joshua Norris.
19:55 of 3rd period - Goal by Joshua Norris - Panthers : 4 - Sabres : 2.
19:56 of 3rd period - Thomas Novak wins face-off versus Ross Colton in neutral zone.
Goals for this period are 3 for Panthers vs 2 for Sabres.
Shots for this period are 19 for Panthers vs 19 for Sabres.